 Dungeon Sprint DCSS version 0.29-a0-643-ga013cefcf8 (webtiles) character file.

Game seed: 9306144192869541129

6500000 greenreed the Conqueror (level 27, -24/228 HPs)
             Began as a Djinni Necromancer on June 19, 2022.
             Was the Champion of Makhleb.
             Annihilated by a meat berserker
             ... wielding a +9 battleaxe
              (74 damage)
             ... in the Dungeon (Sprint VIII: "Arena of Blood").
             The game lasted 00:03:05 (65 turns).

greenreed the Conqueror (Djinni Necromancer)          Turns: 65, Time: 00:03:06

Health: -24/228    AC:  4    Str: 17    XL:     27
Gold:   0          EV: 27    Int: 20    God:    Makhleb [******] SH:  0 Dex: 15

rFire   + + .      SeeInvis .   g - +∞ Axe of Woe
rCold   x . .      Faith    .   (shield currently unavailable)
rNeg    . . .      Spirit   .   a - +0 robe
rPois   ∞          Reflect  .   (no helmet)
rElec   .          Harm     .   (no cloak)
rCorr   .          Rampage  .   (no gloves)
Will    ++...      NoTele   +   (boots unavailable)
Stlth   +++++++++.              (no amulet)
HPRegen 0.48/turn               (no ring)
MPRegen 0.00/turn               (no ring)

@: flying
A: sickness immunity, fire resistance 2, cold vulnerability 1, float, innate
caster, HP casting, extra vitality 1
a: Renounce Religion, Minor Destruction, Lesser Servant of Makhleb, Major
Destruction, Greater Servant of Makhleb


You were in the Dungeon.
You worshipped Makhleb.
Makhleb was exalted by your worship.
You visited 1 branch

Inventory:

Hand Weapons
 g - the +∞ Axe of Woe (weapon)
   (You found it in the Dungeon)
Armour
 a - a +0 robe (worn)
Scrolls
 f - a scroll of blinking
Potions
 b - a potion of curing
 c - a potion of heal wounds
 d - a potion of haste
 e - a potion of berserk rage


   Skills:
 O Level 27 Fighting
 + Level 25.4(27) Short Blades
 + Level 25.4(27) Long Blades
 O Level 27 Axes
 + Level 22.2(27) Maces & Flails
 + Level 22.2(27) Polearms
 + Level 24.0(27) Staves
 + Level 22.2(25.8) Slings
 + Level 22.2 Bows
 + Level 22.2 Crossbows
 + Level 22.2(25.8) Throwing
 + Level 25.9 Armour
 O Level 27 Dodging
 O Level 27 Stealth
 + Level 25.9 Shields
 + Level 25.9 Unarmed Combat
 O Level 27 Spellcasting
 + Level 25.9 Invocations
 + Level 25.9 Evocations


You couldn't memorise any spells.
You knew the following spells:

 Your Spells              Type           Power      Damage    Failure   Level
a - Necrotize             Necr           100%       1d9       0%          1
b - Vampiric Draining     Necr           94%        2d12      0%          3
c - Animate Dead          Necr           94%        N/A       0%          4
d - Agony                 Necr           94%        N/A       0%          5
e - Sting                 Tmut/Pois      100%       1d8       0%          1
f - Scorch                Fire           100%       2d10      0%          2
g - Passwall              Tmut/Erth      78%        N/A       0%          2
h - Ignite Poison         Fire/Tmut/Pois 94%        N/A       0%          3
i - Fireball              Conj/Fire      47%        3d19      0%          5
j - Iskenderun's Battles  Conj           94%        2d14      0%          5
k - Conjure Ball Lightni  Conj/Air       47%        3x3d16    0%          6
l - Ozocubu's Refrigerat  Ice            47%        4d14      0%          7
m - Death Channel         Necr           47%        N/A       0%          6
n - Enfeeble              Hex            47%        N/A       0%          7
o - Haunt                 Necr/Summ      47%        N/A       0%          7
p - Chain Lightning       Conj/Air       47%        3d62      1%          9
q - Fire Storm            Conj/Fire      47%        8d12      1%          9
Your spell library was empty.

Dungeon Overview and Level Annotations

Branches:
Dungeon (1/1)

Altars:
Makhleb


Innate Abilities, Weirdness & Mutations

You are immune to sickness and miasma.
You are immune to poison.
Your flesh is very heat resistant. (rF++)
You are vulnerable to cold. (rC-)
You float through the air rather than walking.
You learn spells naturally, not from books.
Your magical power is your life essence.
You have superior vitality. (+4 MHP)


Message History

You feel better.
You hit the destroyer but do no damage. You chop the destroyer into pieces.
You destroy the destroyer!
Makhleb accepts your kill.
You feel better.
You slice the meat beast!!
You dissect the meat beast like a pig carcass.
You kill the meat beast!
Makhleb accepts your kill.
You hear a shout! x2
The dread calls on the powers of darkness!
Your body is wracked with pain!
The bag of meat convulses!
You hear a shout! x2
Your base Short Blades skill increases to level 25!
Your base Long Blades skill increases to level 25!
Your base Maces & Flails skill increases to level 22!
Your base Polearms skill increases to level 22!
Your base Staves skill gained 2 levels and is now at level 24!
Your base Slings skill increases to level 22!
Your Bows skill increases to level 22!
Your Crossbows skill increases to level 22!
Your base Throwing skill increases to level 22!
Your Armour skill increases to level 25!
Your Shields skill increases to level 25!
Your Unarmed Combat skill increases to level 25!
Your Invocations skill increases to level 25!
Your Evocations skill increases to level 25!
Unknown command.
The dread appears out of thin air!
A dread comes into view.
You hear a shout! x10
The dread calls on the powers of darkness!
The meat berserker convulses!
Your body is wracked with pain!
* * * LOW HITPOINT WARNING * * *
The bag of meat convulses!
The accursed gestures at you while chanting.
Something smites you!
* * * LOW HITPOINT WARNING * * *
You hear a shout! x2
The meat berserker hits you with a +9 battleaxe!!!!
You die...

##### #### ##....
.=. .. ...... ..
..
......##.##.###
.....§.O...W...
####.§..@##.##...
.....§.§)........
#.......o).#.#...
#....z.)........
#W...°)........
..#....°)°M......
......))°).......
......)))........
......#)).....#..


You could see an accursed, a sculptor of flesh, 2 dreads, a meat berserker
(berserk) and a bag of meat.

Vanquished Creatures
  2 hell beasts (D)
  A royal mummy (D)
  Harold (D)
  5 vampire knights (D)
  17 ogres (D)
  4 two-headed ogres (D)
  2 liches (D)
  46 orcs (D)
  5 skeletal warriors (D)
83 creatures vanquished.

Notes
Turn   | Place    | Note
-------+----------+-------------------------------------------
     0 | D        | Found the +∞ Axe of Woe
     0 | D        | greenreed the Djinni Necromancer began the quest for the
                  | Orb.
     0 | D        | greenreed set off with the following spells memorised:
                  | Necrotize, Vampiric Draining, Animate Dead, Agony.
     0 | D        | Reached XP level 1. HP: 15/15 MP: 0/0
     2 | D        | Noticed a meat berserker
     3 | D        | Noticed a bag of meat
     4 | D        | Became a worshipper of Makhleb the Destroyer
     4 | D        | Noticed a bag of meat
     6 | D        | Killed a bag of meat
     6 | D        | Noticed a bag of meat
     7 | D        | Reached XP level 2. HP: 46/46 MP: 0/0
     7 | D        | Reached XP level 3. HP: 51/51 MP: 0/0
     7 | D        | Learned a level 1 spell: Sting
     7 | D        | Reached XP level 4. HP: 58/58 MP: 0/0
     7 | D        | Reached XP level 5. HP: 64/64 MP: 0/0
     7 | D        | Learned a level 2 spell: Scorch
     7 | D        | Reached XP level 6. HP: 70/70 MP: 0/0
     7 | D        | Reached XP level 7. HP: 76/76 MP: 0/0
     7 | D        | Learned a level 2 spell: Passwall
     7 | D        | Reached XP level 8. HP: 82/82 MP: 0/0
     7 | D        | Reached XP level 9. HP: 87/87 MP: 0/0
     7 | D        | Learned a level 3 spell: Ignite Poison
     7 | D        | Reached XP level 10. HP: 94/94 MP: 0/0
     7 | D        | Reached XP level 11. HP: 100/100 MP: 0/0
     7 | D        | Learned a level 5 spell: Fireball
     7 | D        | Noticed a bag of meat
     8 | D        | Noticed a bag of meat
     8 | D        | Noticed a bag of meat
     8 | D        | Noticed a bag of meat
     9 | D        | Killed a meat berserker
     9 | D        | Reached * piety under Makhleb
     9 | D        | Noticed a bag of meat
    10 | D        | Reached XP level 12. HP: 115/115 MP: 0/0
    10 | D        | Reached XP level 13. HP: 121/121 MP: 0/0
    10 | D        | Learned a level 5 spell: Iskenderun's Battlesphere
    10 | D        | Killed a bag of meat
    10 | D        | Killed a bag of meat
    10 | D        | Noticed a meat berserker
    11 | D        | Reached XP level 14. HP: 132/132 MP: 0/0
    12 | D        | Noticed a meat berserker
    12 | D        | Noticed a meat berserker
    13 | D        | Killed a bag of meat
    13 | D        | Reached ** piety under Makhleb
    13 | D        | Noticed a bag of meat
    14 | D        | Reached skill level 10 in Stealth
    14 | D        | Noticed a bag of meat
    15 | D        | Killed a bag of meat
    15 | D        | Killed a meat berserker
    15 | D        | Noticed a bag of meat
    15 | D        | Noticed a bag of meat
    15 | D        | Noticed a meat berserker
    16 | D        | Reached skill level 27 in Fighting
    16 | D        | Reached XP level 15. HP: 147/147 MP: 0/0
    16 | D        | Learned a level 6 spell: Conjure Ball Lightning
    16 | D        | Killed a meat berserker
    16 | D        | Reached *** piety under Makhleb
    17 | D        | Reached XP level 16. HP: 154/154 MP: 0/0
    18 | D        | Noticed a meat berserker
    19 | D        | Noticed a large bag of meat
    19 | D        | Reached **** piety under Makhleb
    19 | D        | Noticed a destroyer
    20 | D        | Noticed a large bag of meat
    20 | D        | Killed a meat berserker
    20 | D        | Noticed a meat berserker
    21 | D        | Reached skill level 27 in Axes
    21 | D        | Reached XP level 17. HP: 160/160 MP: 0/0
    21 | D        | Learned a level 7 spell: Ozocubu's Refrigeration
    21 | D        | Killed a meat berserker
    22 | D        | Killed a large bag of meat
    22 | D        | Reached ***** piety under Makhleb
    22 | D        | Noticed a meat berserker
    23 | D        | Reached XP level 18. HP: 146/167 MP: 0/0
    23 | D        | Killed a destroyer
    24 | D        | Killed a meat berserker
    24 | D        | Noticed a meat berserker
    25 | D        | Reached XP level 19. HP: 169/174 MP: 0/0
    25 | D        | Learned a level 6 spell: Death Channel
    25 | D        | Killed a large bag of meat
    26 | D        | Reached skill level 27 in Spellcasting
    26 | D        | Noticed a destroyer
    26 | D        | Killed a meat berserker
    27 | D        | Reached ****** piety under Makhleb
    27 | D        | Noticed a meat berserker
    28 | D        | Reached skill level 27 in Dodging
    28 | D        | Reached XP level 20. HP: 176/181 MP: 0/0
    28 | D        | Noticed The Servant
    29 | D        | Noticed a meat berserker
    29 | D        | Noticed a destroyer
    29 | D        | Noticed a meat berserker
    30 | D        | Killed a meat berserker
    30 | D        | Killed The Servant
    30 | D        | Killed a meat berserker
    31 | D        | Reached skill level 27 in Stealth
    31 | D        | Reached XP level 21. HP: 182/187 MP: 0/0
    31 | D        | Learned a level 7 spell: Enfeeble
    31 | D        | Killed a meat berserker
    33 | D        | Killed a destroyer
    34 | D        | Reached skill level 10 in Short Blades
    34 | D        | Reached skill level 10 in Long Blades
    34 | D        | Reached skill level 10 in Staves
    34 | D        | Reached XP level 22. HP: 190/194 MP: 0/0
    35 | D        | Killed a meat berserker
    35 | D        | Killed a meat berserker
    35 | D        | Noticed a large bag of meat
    36 | D        | Reached skill level 10 in Maces & Flails
    36 | D        | Reached skill level 10 in Polearms
    36 | D        | Reached skill level 10 in Slings
    36 | D        | Reached skill level 10 in Bows
    36 | D        | Reached skill level 10 in Crossbows
    36 | D        | Reached skill level 10 in Throwing
    38 | D        | Reached XP level 23. HP: 196/201 MP: 0/0
    38 | D        | Learned a level 7 spell: Haunt
    38 | D        | Noticed a destroyer
    38 | D        | Noticed a large bag of meat
    39 | D        | Killed a destroyer
    40 | D        | Reached skill level 15 in Short Blades
    40 | D        | Reached skill level 15 in Long Blades
    40 | D        | Reached skill level 15 in Armour
    40 | D        | Reached skill level 15 in Shields
    40 | D        | Reached skill level 15 in Unarmed Combat
    40 | D        | Reached skill level 15 in Invocations
    40 | D        | Reached skill level 15 in Evocations
    41 | D        | Reached skill level 15 in Staves
    41 | D        | Reached XP level 24. HP: 204/208 MP: 0/0
    43 | D        | Killed a large bag of meat
    44 | D        | Reached skill level 15 in Maces & Flails
    44 | D        | Reached skill level 15 in Polearms
    44 | D        | Reached skill level 15 in Slings
    44 | D        | Reached skill level 15 in Bows
    44 | D        | Reached skill level 15 in Crossbows
    44 | D        | Reached skill level 15 in Throwing
    45 | D        | Noticed an accursed
    46 | D        | Reached XP level 25. HP: 210/214 MP: 0/0
    46 | D        | Learned a level 9 spell: Chain Lightning
    46 | D        | Killed a large bag of meat
    47 | D        | Killed a destroyer
    48 | D        | Noticed a tyrant
    50 | D        | Killed a tyrant
    50 | D        | Noticed an accursed
    52 | D        | Reached XP level 26. HP: 215/221 MP: 0/0
    52 | D        | Killed an accursed
    55 | D        | Noticed a destroyer
    57 | D        | Noticed a tyrant
    59 | D        | Reached XP level 27. HP: 208/228 MP: 0/0
    59 | D        | Learned a level 9 spell: Fire Storm
    60 | D        | Noticed a meat beast
    61 | D        | Noticed a meat beast
    61 | D        | Noticed a meat beast
    62 | D        | Killed a tyrant
    63 | D        | Noticed a dread
    63 | D        | Killed a meat beast
    64 | D        | Killed a destroyer
    64 | D        | Killed a meat beast
    65 | D        | Annihilated by a meat berserker

Illustrated notes

Levels and vault maps discovered:
D:        meatsprint

Skill      XL: |  1  2  3  4  5  6  7  8  9 10 11 12 13 14 15 16 17 18 19 20 21 22 23 24 25 26 27 |
---------------+----------------------------------------------------------------------------------+-----
Fighting       | 17 21 23 27 | 27.0
Axes           | 14 17 19 22 25 27 | 27.0
Dodging        | 9 11 12 14 16 22 23 27 | 27.0
Stealth        | 6 8 9 11 12 17 18 23 27 | 27.0
Spellcasting   | 20 25 27 | 27.0
Short Blades   | 10 14 16 18 20 22 25 | 25.4
Long Blades    | 10 14 16 18 20 22 25 | 25.4
Maces & Flails | 9 12 14 16 18 19 22 | 22.2
Polearms       | 9 12 14 16 18 19 22 | 22.2
Staves         | 10 13 15 17 19 21 24 | 24.0
Slings         | 9 12 14 16 18 19 22 | 22.2
Bows           | 9 12 14 16 18 19 22 | 22.2
Crossbows      | 9 12 14 16 18 19 22 | 22.2
Throwing       | 9 12 14 16 18 19 22 | 22.2
Armour         | 11 14 16 19 21 23 25 | 25.9
Shields        | 11 14 16 19 21 23 25 | 25.9
Unarmed Combat | 11 14 16 19 21 23 25 | 25.9
Invocations    | 11 14 16 19 21 23 25 | 25.9
Evocations     | 11 14 16 19 21 23 25 | 25.9

Action                   |  1- 3 |  4- 6 |  7- 9 | 10-12 | 13-15 | 16-18 | 19-21 | 22-24 | 25-27 || total
-------------------------+-------+-------+-------+-------+-------+-------+-------+-------+-------++-------
Melee: Executioner's axe |     1 |       |       |     1 |     4 |     7 |     7 |    11 |    13 ||    44
Dodge: Dodged            |       |       |       |       |       |       |     1 |       |       ||     1

Table legend: (Time is in decaauts)
 A = Elapsed time spent in this place.
 B = Non-inter-level travel time spent in this place.
 C = Inter-level travel time spent in this place.
 D = Time resting spent in this place.
 E = Time spent auto-exploring this place.
 F = Levels seen in this place.
 G = Mean time per level.
                   A        B        C        D        E       F      G
               +--------+--------+--------+--------+--------+-----+--------+
         Total |     53 |     53 |      0 |      0 |      0 |   1 |   53.0 |
       Dungeon |     53 |     53 |      0 |      0 |      0 |   1 |   53.0 |
               +--------+--------+--------+--------+--------+-----+--------+

Top non-repeatable levels by time:
       D: 53 daAuts
